 Dungeon Crawl Stone Soup version 0.29.1-1-gd02db6906a (webtiles) character file.

Game seed: 13423002948361020284

24757 112233 the Martial Artist (level 13, -11/92 HPs)
             Began as an Octopode Fighter on Oct 11, 2022.
             Was an Initiate of Gozag.
             Mangled by a six-headed hydra (13 damage)
             ... on level 14 of the Dungeon.
             The game lasted 00:20:55 (17393 turns).

112233 the Martial Artist (Octopode Fighter)       Turns: 17393, Time: 00:20:56

Health: -11/92     AC:  5    Str: 15    XL:     13   Next: 15%
Magic:  20/20      EV: 24    Int: 12    God:    Gozag
Gold:   772        SH:  7    Dex: 21    Spells: 14/22 levels left

rFire   x . .      SeeInvis .     - Unarmed
rCold   + + .      Faith    .   a - +0 buckler
rNeg    . . .      Spirit   .   (helmet currently unavailable)
rPois   +          Reflect  .   t - amulet of regeneration
rElec   .          Harm     .   e - ring of poison resistance
rCorr   .          Rampage  .   V - +6 ring of dexterity
Will    .....                   z - +4 ring of evasion
Stlth   +++.......              B - ring of wizardry
HPRegen 1.05/turn               C - +4 ring of protection
MPRegen 0.17/turn               c - ring of flight
                                R - ring of protection from cold
                                l - ring of ice

@: appendages, flying
A: tentacle spike 3, almost no armour, amphibious, 8 rings, camouflage 1,
gelatinous body 1, (nimble swimmer 1), tentacles
a: End Transformation, Renounce Religion, Potion Petition, Call Merchant, Bribe
Branch


You were on level 14 of the Dungeon.
You worshipped Gozag.
Gozag was pleased with you.
One of your tentacles had grown a beastly spike.
You visited 4 branches of the dungeon, and saw 21 of its levels.

You collected 2999 gold pieces.
You spent 684 gold pieces at shops.
You paid 1543 gold pieces to Gozag.

Inventory:

Hand Weapons
 k - a +2 dagger of holy wrath
 H - a +0 shortbow
 K - the +12 short sword of Responsibility {vorpal, Will+ Str+6}
   (You found it on level 8 of the Dungeon)

   It inflicts extra damage upon your enemies.
   Str:       It affects your strength (+6).
   Will:      It increases your willpower.
 T - the +12 spear of Xeifaena {vorpal, rElec Str-3 Dex+4 Stlth+}
   (You found it on level 5 of the Lair of Beasts)

   It inflicts extra damage upon your enemies.
   Str:       It affects your strength (-3).
   Dex:       It affects your dexterity (+4).
   rElec:     It insulates you from electricity.
   Stlth:     It makes you more stealthy.
Armour
 a - a +0 buckler (worn)
Jewellery
 c - a ring of flight (on tentacle)
 e - a ring of poison resistance (left tentacle)
 l - a ring of ice (on tentacle)
 t - an amulet of regeneration (around mantle)
 w - a ring of willpower
 z - a +4 ring of evasion (on tentacle)
 B - a ring of wizardry (on tentacle)
 C - a +4 ring of protection (on tentacle)
 R - a ring of protection from cold (on tentacle)
 V - a +6 ring of dexterity (right tentacle)
Wands
 p - a wand of digging (4)
 M - a wand of polymorph (4)
 N - a wand of light (3)
 O - a wand of flame (6)
Scrolls
 f - a scroll of vulnerability {unknown}
 h - 4 scrolls of fog
 i - 14 scrolls of identify {unknown}
 j - 2 scrolls of enchant weapon {unknown}
 n - 4 scrolls of poison
 s - 6 scrolls of immolation
 v - 3 scrolls of noise {unknown}
 x - 6 scrolls of enchant armour {unknown}
 y - a scroll of blinking
 E - 4 scrolls of fear {unknown}
 G - 2 scrolls of acquirement {unknown}
 L - 2 scrolls of amnesia {unknown}
 P - 2 scrolls of silence {unknown}
 U - a scroll of torment {unknown}
 X - a scroll of brand weapon {unknown}
Potions
 b - 2 potions of ambrosia
 d - 5 potions of curing
 m - 4 potions of haste {unknown}
 o - 11 potions of lignification {unknown}
 q - a potion of flight {unknown}
 r - 5 potions of attraction {unknown}
 u - 3 potions of resistance
 A - a potion of magic {unknown}
 D - 2 potions of heal wounds
 F - 3 potions of mutation {unknown}
 I - 2 potions of degeneration {unknown}
 J - 4 potions of brilliance
 S - a potion of invisibility {unknown}
 W - a potion of berserk rage {unknown}
Miscellaneous
 Q - a condenser vane (inert)


   Skills:
 + Level 10.1 Fighting
 + Level 10.1 Dodging
 - Level 8.3 Shields
 * Level 13.6 Unarmed Combat
 + Level 5.0 Spellcasting
 + Level 5.4 Transmutations


You had 14 spell levels left.
You knew the following spells:

 Your Spells              Type           Power      Damage    Failure   Level
a - Beastly Appendage     Tmut           32%        N/A       1%          1
b - Wereblood             Tmut           16%        N/A       1%          2
c - Irradiate             Conj/Tmut      4%         3d13      63%         5

Your spell library contained the following spells:

 Spells                   Type           Power      Damage    Failure   Level
 Freeze                   Ice            16%        1d4       10%         1
 Necrotise                Necr           12%        1d4       10%         1
 Spider Form              Tmut/Pois      9%         N/A       10%         3
 Sublimation of Blood     Necr           3%         N/A       16%         2
 Dazzling Flash           Conj/Hex       6%         N/A       28%         3
 Frozen Ramparts          Ice            8%         1d2       28%         3
 Tukima's Dance           Hex            3%         N/A       28%         3
 Vampiric Draining        Necr           3%         2d6       28%         3
 Blade Hands              Tmut           8%         N/A       28%         5
 Petrify                  Tmut/Erth      9%         N/A       32%         4
 Yara's Violent Unravell  Hex/Tmut       4%         3d4       63%         5
 Hailstorm                Conj/Ice       4%         3d4       65%         4
 Passage of Golubria      Tloc           3%         N/A       65%         4
 Agony                    Necr           3%         N/A       92%         5
 Silence                  Hex/Air        1%         N/A       92%         5
 Summon Forest            Summ/Tloc      1%         N/A       92%         5
 Eringya's Noxious Bog    Tmut/Pois      4%         N/A       99%         6
 Iron Shot                Conj/Erth      1%         9d1       100%        6
 Summon Hydra             Summ           1%         N/A       100%        7
 Animate Armour           Summ/Erth      Unusable   N/A       N/A         4

Dungeon Overview and Level Annotations

Branches:
Dungeon (13/15)            Temple (1/1) D:6            Lair (5/5) D:9
 Shoals (0/4) Lair:3       Spider (0/4) Lair:2        Slime (0/5) Lair:4
    Orc (1/2) D:11
 Vaults: D:13-14

Altars:
Dithmenos
Elyvilon
Fedhas
Gozag
Hepliaklqana
Makhleb
Nemelex Xobeh
Okawaru
Qazlal
Sif Muna
Trog
Uskayaw
Vehumet
Xom
Yredelemnul
Zin
The Shining One
Jiyva

Shops:
D:6 :   D:8 =   D:10 :

Portals:
Abyss: Lair:4

Annotations:
D:3 1 runed translucent door, Crazy Yiuf
D:5 exclusion: downstairs
D:9 exclusion: downstairs
D:10 exclusion: downstairs
D:11 exclusion: downstairs
D:12 exclusion: 2 downstairs
D:14 Nessos
Lair:4 2 transporters, exclusion: 2 oklob plants, Kuerar's ghost, journeyman BaFi


Innate Abilities, Weirdness & Mutations

One of your tentacles has grown a beastly spike.
You cannot wear most types of armour.
You are amphibious.
You can wear up to eight rings at the same time.
Your skin changes colour to match your surroundings (Stealth+).
Your rubbery body absorbs attacks. (AC +1, EV +1)
((You are camouflaged when in or above water. (Stealth+)))
You have tentacles for arms and can constrict up to eight enemies at once.


Message History

The six-headed hydra completely misses you.
The six-headed hydra misses you.
Unknown command.
You feel much better. The six-headed hydra bites you!
The six-headed hydra misses you. The six-headed hydra bites you!
* * * LOW HITPOINT WARNING * * *
The six-headed hydra barely misses you.
The six-headed hydra closely misses you. x2
You feel much better.
The six-headed hydra closely misses you.
The six-headed hydra misses you. x2
The six-headed hydra completely misses you.
The six-headed hydra closely misses you.
The six-headed hydra bites you!
Unknown command.
You feel much better. The six-headed hydra misses you.
The six-headed hydra completely misses you.
You block the six-headed hydra's attack.
The six-headed hydra bites you. x2; The six-headed hydra barely misses you.
Unknown command.
You barely miss the six-headed hydra. You squeeze the six-headed hydra!
The six-headed hydra is severely wounded.
The six-headed hydra barely misses you. The six-headed hydra misses you.
The six-headed hydra bites you! x2
* * * LOW HITPOINT WARNING * * *
The six-headed hydra bites you.
* * * LOW HITPOINT WARNING * * *
The six-headed hydra bites you!
* * * LOW HITPOINT WARNING * * *
You feel much better.
You block the six-headed hydra's attack.
The six-headed hydra bites you!
* * * LOW HITPOINT WARNING * * *
The six-headed hydra bites you!
* * * LOW HITPOINT WARNING * * *
The six-headed hydra bites you!
* * * LOW HITPOINT WARNING * * *
The six-headed hydra bites you!
You die...
Your body crumbles into a pile of gold.

###############################
.......°§§§§.§☼§○§○§°☼.........
.......§§○§☼§§.§°§§○§☼.........
....h..☼§§°○°§○○§§○§.§........p
.......○○°○☼.○.De§.☼.°.........
........§§☼§○☼@##.......!......
......###§○°.§§##..............
.......§§§☼○.§§##..............
##+#######'##☼§☼§☼....e..........
#.....eD.°D.#§○○§☼...............
#..#..#.....#○§§§○§.......... #
#++##....#○§○§§§..........
#....##...#°☼○§○§....
#......##'##..........


You could see a six-headed hydra and a deep elf pyromancer.

Vanquished Creatures
  A catoblepas (Lair:2)
  A hydra (D:14)
  A two-headed ogre (D:10)
  An orc knight (D:11)
  Pikel (D:5)
  An ugly thing (D:14)
  A wolf spider (D:14)
  2 cyclopes
  2 manticores
  2 black mambas (Lair:2)
  A black mamba (shapeshifter) (D:14)
  A gargoyle (D:11)
  3 cane toads
  An unseen horror (D:11)
  5 komodo dragons
  2 rime drakes (Lair:3)
  3 trolls
  5 blink frogs (Lair:2)
  A wind drake (Lair:3)
  8 slime creatures
  Sigmund (D:4)
  A vampire (D:12)
  4 basilisks
  18 yaks
  4 fire bats (Lair:1)
  Eustachio (D:4)
  2 steam dragons
  5 vampire mosquitoes (D:12)
  Edmund (D:4)
  An acid dragon (D:9)
  6 water moccasins
  A black bear (Lair:2)
  A sky beast (D:6)
  6 orc warriors
  14 wolves
  3 ogres
  6 centaurs
  2 lemures
  3 kobold brigands
  Blork the orc (D:6)
  10 bullfrogs
  A gnoll sergeant (D:9)
  2 scorpions
  A necrophage (D:5)
  8 wights
  5 killer bees (D:9)
  4 howler monkeys
  4 electric eels
  5 jellies
  3 hounds
  5 orc priests
  A gnoll bouda (D:8)
  13 orc wizards
  Natasha (twice) (D:4)
  3 iguanas
  7 gnolls
  12 adders
  A river rat (D:4)
  2 shadow imps
  A white imp (D:6)
  2 ufetubi
  3 worms
  A dart slug (D:1)
  34 orcs
  7 ball pythons
  6 endoplasms
  9 giant cockroaches
  4 goblins
  10 hobgoblins
  4 jackals (D:4)
  20 kobolds
  4 quokkas
  3 bats
  4 frilled lizards (D:1)
  9 rats
  A butterfly (D:6)
335 creatures vanquished.

Vanquished Creatures (collateral kills)
  A hydra (D:9)
  A centaur (D:9)
  A phantom (D:7)
3 creatures vanquished.

Vanquished Creatures (others)
  4 fungi (Lair:2)
  25 plants
  2 toadstools (D:8)
31 creatures vanquished.

Grand Total: 369 creatures vanquished

Notes
Turn   | Place    | Note
-------+----------+-------------------------------------------
     0 | D:1      | 112233 the Octopode Fighter began the quest for the Orb.
     0 | D:1      | Reached XP level 1. HP: 16/16 MP: 1/1
     1 | D:1      | Noticed an electric eel
    75 | D:1      | Reached XP level 2. HP: 20/21 MP: 2/2
   715 | D:1      | Reached XP level 3. HP: 25/26 MP: 3/3
  1117 | D:2      | Reached skill level 3 in Unarmed Combat
  1199 | D:2      | Found a faded altar of an unknown god.
  1248 | D:2      | Reached XP level 4. HP: 29/31 MP: 4/4
  2060 | D:3      | Found a basalt altar of Yredelemnul.
  2389 | D:3      | Found a runed translucent door.
  2390 | D:3      | Noticed Crazy Yiuf
  2858 | D:4      | Noticed Edmund
  2865 | D:4      | Killed Edmund
  2866 | D:4      | Reached skill level 4 in Unarmed Combat
  2866 | D:4      | Reached XP level 5. HP: 29/37 MP: 5/5
  2866 | D:4      | Reached XP level 6. HP: 33/43 MP: 6/6
  2933 | D:4      | Noticed Sigmund
  2945 | D:4      | Killed Sigmund
  3012 | D:4      | Found a stormy altar of Qazlal.
  3052 | D:4      | Reached XP level 7. HP: 48/48 MP: 7/7
  3136 | D:4      | Reached skill level 5 in Unarmed Combat
  3286 | D:4      | Noticed Natasha
  3294 | D:4      | Killed Natasha
  3623 | D:4      | Noticed Natasha
  3630 | D:4      | Killed Natasha
  3684 | D:4      | Noticed Eustachio
  3691 | D:4      | Killed Eustachio
  4039 | D:5      | Entered Level 5 of the Dungeon
  4077 | D:5      | Found a hide-covered altar of Uskayaw.
  4135 | D:5      | Reached XP level 8. HP: 54/54 MP: 8/8
  4216 | D:5      | Reached skill level 5 in Dodging
  4226 | D:5      | Reached skill level 5 in Fighting
  4226 | D:5      | Reached skill level 5 in Shields
  4226 | D:5      | Reached skill level 6 in Unarmed Combat
  4909 | D:6      | Found a staircase to the Ecumenical Temple.
  4941 | Temple   | Entered the Ecumenical Temple
  4992 | Temple   | Became a worshipper of Gozag Ym Sagoz the Greedy
  5121 | D:6      | Found a shimmering blue altar of Sif Muna.
  5144 | D:6      | Got Sif Muna's Encyclopedia of Frostbite
  5264 | D:6      | Reached skill level 7 in Unarmed Combat
  5314 | D:6      | Noticed Blork the orc
  5320 | D:6      | Killed Blork the orc
  5321 | D:6      | Reached XP level 9. HP: 44/62 MP: 9/9
  5992 | D:6      | Reached skill level 8 in Unarmed Combat
  6228 | D:6      | Found Gegid's Book Boutique.
  6257 | D:6      | Noticed Pikel
  7240 | D:5      | Killed Pikel
  7389 | D:6      | Reached skill level 9 in Unarmed Combat
  7389 | D:6      | Reached XP level 10. HP: 69/69 MP: 10/10
  7662 | D:8      | Found a burning altar of Makhleb.
  7789 | D:8      | Found Ymen's Jewellery Emporium.
  7795 | D:8      | Bought a +4 ring of protection for 432 gold pieces
  7924 | D:8      | Identified the +12 short sword of Responsibility {vorpal,
                  | Will+ Str+6}
  8050 | D:8      | Found a shimmering altar of Xom.
  8053 | D:8      | Found a glowing silver altar of Zin.
  8053 | D:8      | Found a hazy altar of Hepliaklqana.
  8055 | D:8      | Found a shimmering altar of Xom.
  8055 | D:8      | Found an opulent altar of Gozag.
  8055 | D:8      | Found a shadowy altar of Dithmenos.
  8212 | D:9      | Noticed a five-headed hydra
  8221 | D:9      | Killed a five-headed hydra
  8358 | D:9      | Reached skill level 10 in Unarmed Combat
  8856 | D:9      | Found a staircase to the Lair.
  9076 | D:10     | Entered Level 10 of the Dungeon
  9076 | D:10     | Noticed a two-headed ogre
  9101 | Lair:1   | Entered Level 1 of the Lair of Beasts
  9405 | Lair:1   | Reached XP level 11. HP: 63/77 MP: 11/11
  9668 | Lair:2   | Found a hole to the Spider Nest.
  9884 | D:10     | Reached skill level 11 in Unarmed Combat
  9925 | D:10     | Learned a level 5 spell: Irradiate
 10549 | D:11     | Found a staircase to the Orcish Mines.
 10727 | D:11     | Noticed a five-headed hydra
 10765 | D:11     | Reached skill level 1 in Spellcasting
 10765 | D:11     | Reached skill level 1 in Transmutations
 11078 | Orc:1    | Entered Level 1 of the Orcish Mines
 11078 | Orc:1    | Noticed an orc knight
 11078 | Orc:1    | Noticed a cyclops
 11089 | D:11     | Killed an orc knight
 11211 | D:11     | Noticed a cyclops
 11359 | D:10     | Killed a two-headed ogre
 11752 | D:10     | Bought a book of Changes for 252 gold pieces
 11754 | D:10     | Learned a level 1 spell: Beastly Appendage
 11757 | D:10     | Learned a level 2 spell: Wereblood
 12040 | Lair:2   | Reached skill level 12 in Unarmed Combat
 12056 | Lair:2   | Reached XP level 12. HP: 85/85 MP: 14/16
 12903 | Lair:2   | Noticed a catoblepas
 13012 | Lair:2   | Killed a catoblepas
 13974 | Lair:3   | Found a staircase to the Shoals.
 14086 | Lair:3   | Identified the +6 quarterstaff "Beastbane" {venom, Int+2}
 14484 | Lair:3   | Noticed a seven-headed hydra
 14665 | Lair:4   | Found a viscous altar of Jiyva.
 14665 | Lair:4   | Found a staircase to the Slime Pits.
 14739 | Lair:4   | Noticed a four-headed hydra
 14916 | Lair:4   | Found a transporter.
 14921 | Lair:4   | Found a one-way gate to the infinite horrors of the Abyss.
 14921 | Lair:4   | Noticed Kuerar's ghost (journeyman BaFi)
 14921 | Lair:4   | Noticed a thrashing horror
 15241 | Lair:4   | Reached skill level 13 in Unarmed Combat
 15251 | Lair:4   | Found a transporter.
 15341 | Lair:5   | Entered Level 5 of the Lair of Beasts
 15349 | Lair:5   | Identified the +10 great mace of the Walnut {flame, Int+2}
 15366 | Lair:5   | Identified the +12 spear of Xeifaena {vorpal, rElec Str-3
                  | Dex+4 Stlth+}
 16670 | D:12     | Reached skill level 5 in Transmutations
 16730 | D:13     | Noticed a five-headed hydra
 16736 | D:13     | Noticed a centaur warrior
 16803 | D:13     | Noticed a four-headed hydra
 16867 | D:13     | Reached XP level 13. HP: 87/92 MP: 17/20
 16880 | D:13     | You are sucked into a shaft and drop 1 floor!
 16978 | D:14     | Noticed a rakshasa
 16985 | D:14     | Noticed Nessos
 17166 | D:14     | Reached skill level 10 in Dodging
 17186 | D:14     | Reached skill level 10 in Fighting
 17326 | D:14     | Reached skill level 5 in Spellcasting
 17393 | D:14     | HP: 2/92 [six-headed hydra (10)]
 17393 | D:14     | Mangled by a six-headed hydra

Illustrated notes

Levels and vault maps discovered:
D:1:      arrival_aquarium_a, layout_loops_ring
D:2:      minmay_wonky_spiral, layout_basic,
          shapermc_ecumenical_altar_mp_highgroup, hangedman_decor_riveting
D:3:      layout_basic, marbit_many_paths, minmay_tree_intersection,
          hangedman_decor_diamond_cutter, uniq_crazy_yiuf_cottage
D:4:      layout_basic, grunt_qazlal_clouds, gup_sewer_entry_spiral,
          grunt_ministairs_10, chequers_serial_rivers_room_b, minivault_19,
          minmay_close_crescents, uniq_sigmund, uniq_edmund, uniq_natasha,
          uniq_eustachio
D:5:      layout_cave_pods, nicolae_uskayaw_dance_hall
D:6:      layout_cave_pods, led_sif_book, minmay_temple_entry_butterflies,
          serial_shops, nicolae_shop_competitors_out_of_business, minmay_bent,
          uniq_blork_the_orc, uniq_pikel
D:7:      layout_basic, minmay_crystal_room
D:8:      layout_basic, doesnt_xom_only_xom,
          mainiacjoe_overflow_small_starburst, serial_shops,
          nicolae_shop_temple_entry_statues_fountains, dreamdust_wishing_well,
          minmay_gold_behind_fungi
D:9:      layout_roguey, david_lair_shrubbed, grunt_ministairs_13,
          minmay_misc_feat_room, minmay_microvault
D:10:     layout_rooms, serial_bayou, serial_bayou_pond_d,
          serial_bayou_crossing, serial_bayou_shore_b, serial_bayou_pond_a
D:11:     layout_long_grid, minmay_orc_entry_temple_small
D:12:     layout_small_grid
D:13:     layout_loops_ring, nicolae_trove_entry_isolated,
          portal_ice_cave_entry_pillars_1
D:14:     minmay_polygon_palace, layout_stronghold, erik_vaults_2,
          chequers_arboretum, eino_jars, uniq_louise, uniq_nessos
Temple:   nicolae_temple_superstar
Lair:1:   layout_gridlike, grunt_megastairs_3, serial_bayou_shore_a
Lair:2:   layout_chaotic_city, spider_nest_entry_webs,
          nicolae_quartered_pool_impasse
Lair:3:   layout_chaotic_city, minmay_shoals_entry_beasts
Lair:4:   layout_regular_city, slime_entry_1, gammafunk_ghost_abyssal_escape,
          disabler_island
Lair:5:   minmay_lair_end_enchanted_forest, layout_cave_pods,
          minmay_shattered_shrine, grunt_megastairs_4
Orc:1:    layout_caves, serial_shops, shop

Skill      XL: |  1  2  3  4  5  6  7  8  9 10 11 12 13 |
---------------+----------------------------------------+-----
Unarmed Combat | 3 4 5 7 9 10 12 13 | 13.6
Fighting       | 4 5 6 8 9 10 | 10.1
Dodging        | 4 5 6 8 9 10 | 10.1
Shields        | 4 5 6 8 |  8.3
Spellcasting   | 2 4 5 |  5.0
Transmutations | 2 5 |  5.4

Action                   |  1- 3 |  4- 6 |  7- 9 | 10-12 | 13-15 || total
-------------------------+-------+-------+-------+-------+-------++-------
Melee: Unarmed           |    68 |    65 |   262 |   654 |    31 ||  1080
       Tentacles         |    16 |    10 |    65 |   191 |    15 ||   297
       Constrict         |    21 |    12 |    59 |   107 |     3 ||   202
       Punch             |     3 |     3 |    11 |    79 |     5 ||   101
       Short sword       |       |       |       |     4 |       ||     4
       Kick              |       |       |       |   104 |     2 ||   106
Throw: Dart              |       |       |     6 |     2 |       ||     8
       Throwing net      |       |       |     1 |     3 |       ||     4
 Cast: Beastly Appendage |       |       |       |    39 |     1 ||    40
       Wereblood         |       |       |       |    17 |     1 ||    18
Invok: Potion Petition   |       |       |       |     2 |     1 ||     3
       Call Merchant     |       |       |       |     1 |       ||     1
Evoke: Wand              |       |       |     4 |     5 |     3 ||    12
       Condenser vane    |       |       |       |       |     1 ||     1
  Use: Potion            |       |     2 |     1 |     7 |     5 ||    15
       Scroll            |       |       |     3 |     3 |     6 ||    12
 Stab: Sleeping          |    10 |     9 |    11 |     4 |       ||    34
       Distracted        |       |       |     2 |     6 |       ||     8
Armor: Skin              |     4 |     1 |     3 |    51 |     3 ||    62
Dodge: Dodged            |    25 |    25 |   135 |   509 |    48 ||   742
Block: Buckler           |     6 |    10 |    55 |   143 |    17 ||   231
